 Dungeon Crawl Stone Soup version 0.29-a0-371-g91724d5b39 (webtiles) character file.

Game seed: 16733491487555229026

29 chopper the Skirmisher (level 3, 33/33 HPs)
             Began as a Minotaur Fighter on May 3, 2022.
             Quit the game on level 1 of the Dungeon.
             The game lasted 00:03:09 (842 turns).

chopper the Skirmisher (Minotaur Fighter)            Turns: 842, Time: 00:03:10

Health: 33/33      AC:  7    Str: 22    XL:     3   Next: 1%
Magic:  2/2        EV:  9    Int:  5    God:
Gold:   48         SH:  4    Dex:  9    Spells: 2/2 levels left

rFire   . . .      SeeInvis .   a - +0 war axe
rCold   . . .      Faith    .   c - +0 buckler
rNeg    . . .      Spirit   .   b - +0 scale mail
rPois   .          Reflect  .   (helmet restricted)
rElec   .          Harm     .   (no cloak)
rCorr   .          Rampage  .   (no gloves)
Will    .....                   (no boots)
Stlth   ..........              (no amulet)
HPRegen 0.11/turn               (no ring)
MPRegen 0.08/turn               (no ring)

@: no status effects
A: horns 2, retaliatory headbutt
a: no special abilities


You were on level 1 of the Dungeon.
You visited 1 branch of the dungeon, and saw 1 of its levels.

You collected 48 gold pieces.

Inventory:

Hand Weapons
 a - a +0 war axe (weapon)
Armour
 b - a +0 scale mail (worn)
 c - a +0 buckler (worn)
Scrolls
 f - a scroll of holy word {unknown}
 h - a scroll of identify {unknown}
 i - a scroll of teleportation {unknown}
 j - a scroll of enchant armour {unknown}
Potions
 d - a potion of might
 e - a potion of degeneration {unknown}
 g - a potion of curing {unknown}
 k - a potion of lignification {unknown}


   Skills:
 + Level 4.0 Fighting
 + Level 2.8 Axes
 + Level 4.0 Armour
 + Level 0.8 Dodging
 + Level 4.0 Shields


You had 2 spell levels left.
You didn't know any spells.
Your spell library was empty.

Dungeon Overview and Level Annotations

Branches:
Dungeon (1/15)

Altars:


Innate Abilities, Weirdness & Mutations

You have a pair of horns on your head.
You reflexively headbutt those who attack you in melee.


Message History

A goblin comes into view. It is wielding a +0 club.
The goblin shouts!
You block the goblin's attack. The goblin hits you with a +0 club.
You slash the goblin!
You kill the goblin!
You have reached level 3!
Your experience leads to an increase in your attributes!
Increase (S)trength, (I)ntelligence, or (D)exterity?
You feel stronger. x2
As you open the door, it creaks loudly!
There is an open door here.
You open the door.
There is an open door here.
Found a mace.
You open the large door.
There is a large open door here.
You enter the shallow water.
Moving in this stuff is going to be slow.
You enter the shallow water.
Moving in this stuff is going to be slow.
There is a large open door here.
You open the large door.
There is a large open door here.
Found a hand axe.
There is a large open door here.
Found 4 gold pieces.
You now have 48 gold pieces (gained 4).
A rat comes into view.
You block the rat's attack.
You slash the rat!
You kill the rat!
You see here a rat corpse.
You open the door.
There is an open door here.
Found a fuming grey potion.
There is a stone staircase leading down here.
k - a fuming grey potion
Found a leather armour.
Are you sure you want to abandon this character and quit the game? (Confirm with "yes".)

.....'.#..$_≈...............#....
.....###..≈≈≈.............#.#....
.......................##........
.......................###.......
...........#....................#
.##........#+##..................
.##.............................+
................................#
................@...............#
..............................###
.................#####........# #
............##...# #........# #
............##...# #........# #
............##...# ########## #
............##...# # ............
#...# # ........#### #.[.# #


There were no monsters in sight!

Vanquished Creatures
  A dart slug (D:1)
  2 bats (D:1)
  2 endoplasms (D:1)
  2 goblins (D:1)
  3 hobgoblins (D:1)
  4 jackals (D:1)
  2 kobolds (D:1)
  3 quokkas (D:1)
  A frilled lizard (D:1)
  3 rats (D:1)
23 creatures vanquished.

Notes
Turn   | Place    | Note
-------+----------+-------------------------------------------
     0 | D:1      | chopper the Minotaur Fighter began the quest for the Orb.
     0 | D:1      | Reached XP level 1. HP: 19/19 MP: 0/0
    76 | D:1      | Found a faded altar of an unknown god.
    83 | D:1      | Reached XP level 2. HP: 17/27 MP: 1/1
   520 | D:1      | Reached XP level 3. HP: 30/33 MP: 2/2
   842 | D:1      | Quit the game

Illustrated notes

Levels and vault maps discovered:
D:1:      psy_arrival_whirlpool, layout_basic,
          hellmonk_ecumenical_altar_pennies_from_heaven

Skill      XL: |  1  2 |
---------------+-------+-----
Fighting       | 4 |  4.0
Armour         | 4 |  4.0
Shields        | 4 |  4.0
Axes           | |  2.8
Dodging        | |  0.8

Action                   || total
-------------------------++-------
Melee: War axe           ||    53
       Headbutt          ||     3
Armor: Scale mail        ||    36
Dodge: Dodged            ||    29
Block: Buckler           ||    19

Table legend: (Time is in decaauts)
 A = Elapsed time spent in this place.
 B = Non-inter-level travel time spent in this place.
 C = Inter-level travel time spent in this place.
 D = Time resting spent in this place.
 E = Time spent auto-exploring this place.
 F = Levels seen in this place.
 G = Mean time per level.
                   A        B        C        D        E       F      G
               +--------+--------+--------+--------+--------+-----+--------+
         Total |    870 |    870 |      0 |    142 |      0 |   1 |  870.0 |
       Dungeon |    870 |    870 |      0 |    142 |      0 |   1 |  870.0 |
               +--------+--------+--------+--------+--------+-----+--------+

Top non-repeatable levels by time:
     D:1: 870 daAuts
